 Dungeon Crawl Stone Soup version 0.31-a0-221-gbddc013574 (webtiles) character file.

Game seed: 11903678057226831689

67 qw the Chopper (level 4, 0/28 HPs)
             Began as a Gargoyle Fighter on July 4, 2023.
             Engulfed by a steam dragon's steam (8 damage)
             ... on level 6 of the Dungeon.
             The game lasted 00:00:52 (1616 turns).

qw the Chopper (Gargoyle Fighter)                   Turns: 1616, Time: 00:00:52

Health: 0/28       AC: 10    Str: 21    XL:     4   Next: 18%
Magic:  4/4        EV:  9    Int:  9    God:
Gold:   78         SH:  4    Dex:  9    Spells: 3/3 levels left

rFire   . . .        Y - +0 war axe
rCold   . . .        c - +0 buckler
rNeg    + . .        b - +0 scale mail
rPois   inf          (no helmet)
rElec   +            (no cloak)
rCorr   .            (no gloves)
SInv    .            (no boots)
Will    .....        (no amulet) Stlth
                     (no ring)
HPRegen 0.24/turn    (no ring)
MPRegen 0.09/turn

%: no passive effects
@: no status effects
A: sickness immunity, AC +3, negative energy resistance 1, electricity
resistance, torment resistance 1, petrification resistance
a: no special abilities


You were on level 6 of the Dungeon.
You visited 1 branch of the dungeon, and saw 4 of its levels.

You collected 78 gold pieces.


Innate Abilities, Weirdness & Mutations

You are immune to sickness and miasma.
Your stone body is resilient. (AC +3)
You are immune to poison.
You resist negative energy. (rN+)
You are resistant to electric shocks. (rElec)
You are resistant to unholy torment.
You are immune to petrification.


   Skills:
 - Level 3.2 Fighting
 + Level 3.9 Axes
 - Level 3.2 Armour
 - Level 3.2 Shields


You had 3 spell levels left.
You didn't know any spells.
Your spell library was empty.

Inventory:

Hand Weapons
 g - a +0 mace of draining
 j - a +0 whip
 Y - a +0 war axe (weapon)
Missiles
 i - a boomerang (quivered)
Armour
 b - a +0 scale mail (worn)
 c - a +0 buckler (worn)
Jewellery
 k - a +6 ring of dexterity
Scrolls
 a - a scroll of identify
 h - a scroll of teleportation {unknown}
 m - a scroll of enchant armour {unknown}
Potions
 d - a potion of might
 e - a potion of enlightenment {unknown}
 f - a potion of attraction {unknown}
 l - a potion of degeneration {unknown}

Dungeon Overview and Level Annotations

Branches:
Dungeon (3/15)

Altars:


Message History

There is a stone staircase leading up here.
Waypoint 2 assigned to D:3.
h - a scroll labelled XEHURH EQ UNEMP You now have 67 gold pieces (gained 16).
Found a book of Alchemy.
A bat comes into view.
A sourceless malevolence fills the Dungeon...
You fall into a shaft and drop 3 floors!
The shaft crumbles and collapses.
Found 11 gold pieces, a small iron ring and a scroll labelled QAYC JIOLECSO.
Waypoint 3 assigned to D:6.
You now have 78 gold pieces (gained 11).
k - a +6 ring of dexterity
m - a scroll labelled QAYC JIOLECSO You open the door.
A steam dragon comes into view.
The steam dragon hisses angrily.
A phantom comes into view.
The steam dragon moves out of view.
You throw a boomerang. The boomerang hits the phantom.
The phantom is lightly damaged.
There is an open door here.
The steam dragon closely misses you. The steam dragon claws you.
The phantom hits you.
The phantom blinks!
You blink.
Found a stone staircase leading down.
You slash the phantom!
The phantom is moderately damaged.
The phantom hits you.
The phantom blinks!
You blink.
You hit the phantom.
The phantom is heavily damaged.
The phantom hits you. The steam dragon breathes steam at you.
The ball of steam hits you. The phantom hits you.
You hit the phantom.
The phantom is heavily damaged.
You block the phantom's attack.
You barely miss the phantom.
The phantom is heavily damaged.
You are engulfed in a cloud of scalding steam.
You die...

#.#.#.# #######.#.#.#
........¤.#.#
######.#D..########
##########'##..........
#...........#.¤........
#...........#.¤¤.......
#...........#¤¤W.......
#...........#¤¤@.......
#...........##.¤.######
#...........+...>#
#...........##.#.#
##############.#.# #.
.# #. .# #. .#


You could see a phantom.

Vanquished Creatures
  An adder (D:2)
  A worm (D:2)
  2 dart slugs
  4 endoplasms
  5 giant cockroaches
  4 goblins (D:1)
  6 hobgoblins
  2 quokkas
  5 ball pythons
  2 bats (D:1)
  6 kobolds
  9 rats
47 creatures vanquished.

Notes
Turn   | Place    | Note
-------+----------+-------------------------------------------
     0 | D:1      | qw the Gargoyle Fighter began the quest for the Orb.
     0 | D:1      | Reached XP level 1. HP: 14/14 MP: 1/1
     0 | D:1      | 0 ||| qw: Version: 0.3-a-41-g9d075ac
     0 | D:1      | 0 ||| qw: Game counter: 769
     0 | D:1      | 0 ||| qw: Melee chars always use a shield: true
     0 | D:1      | 0 ||| qw: God list: Okawaru
     0 | D:1      | 0 ||| qw: Allow faded altars: false
     0 | D:1      | 0 ||| qw: Do Orc after clearing Dungeon:15 true
     0 | D:1      | 0 ||| qw: Do second Lair branch before Depths: true
     0 | D:1      | 0 ||| qw: Lair rune preference: random
     0 | D:1      | 0 ||| qw: Goals: Normal, Zot:1-4, Slime:5, God:TSO, Crypt,
                  | Tomb, Abyss, Pan, Hells, Win
     0 | D:1      | 0 ||| PLANNING D:1-11
   129 | D:1      | Reached XP level 2. HP: 18/19 MP: 2/2
   209 | D:1      | 209 ||| Stepping ~*~*~tactically~*~*~ (hiding).
   211 | D:1      | 211 ||| Stepping ~*~*~tactically~*~*~ (hiding).
   213 | D:1      | 213 ||| Stepping ~*~*~tactically~*~*~ (hiding).
   240 | D:1      | 240 ||| Stepping ~*~*~tactically~*~*~ (stealth).
   270 | D:1      | 270 ||| Stepping ~*~*~tactically~*~*~ (stealth).
   500 | D:1      | Reached skill level 3 in Axes
   524 | D:1      | 524 ||| Stepping ~*~*~tactically~*~*~ (stealth).
   525 | D:1      | 525 ||| Stepping ~*~*~tactically~*~*~ (stealth).
   529 | D:1      | Reached XP level 3. HP: 23/23 MP: 3/3
   529 | D:1      | 529 ||| Stepping ~*~*~tactically~*~*~ (stealth).
   940 | D:2      | 940 ||| Stepping ~*~*~tactically~*~*~ (hiding).
  1176 | D:2      | 1176 ||| DROPPING +0 club.
  1218 | D:2      | 1218 ||| Stepping ~*~*~tactically~*~*~ (stealth).
  1220 | D:2      | 1220 ||| Stepping ~*~*~tactically~*~*~ (stealth).
  1229 | D:2      | 1229 ||| Stepping ~*~*~tactically~*~*~ (stealth).
  1235 | D:2      | 1235 ||| Stepping ~*~*~tactically~*~*~ (stealth).
  1237 | D:2      | 1237 ||| FLEEEEING.
  1240 | D:2      | 1240 ||| FLEEEEING.
  1247 | D:2      | Reached XP level 4. HP: 22/28 MP: 4/4
  1264 | D:2      | 1264 ||| Stepping ~*~*~tactically~*~*~ (stealth).
  1528 | D:2      | Found a faded altar of an unknown god.
  1563 | D:2      | 1563 ||| READING 2 scrolls labelled WICAIP FUOXUA.
  1564 | D:2      | 1564 ||| READING scroll labelled NISECS TAENI.
  1589 | D:3      | You fall into a shaft and drop 3 floors!
  1608 | D:6      | Noticed a steam dragon
  1608 | D:6      | Noticed a phantom
  1614 | D:6      | HP: 7/28 [phantom (1)]
  1616 | D:6      | Engulfed by a steam dragon's steam

Levels and vault maps discovered:
D:1:      dpeg_arrival_rooms_c, layout_loops_cross
D:2:      layout_loops_ring, hellmonk_ecumenical_altar_leap_of_faith
D:3:      layout_loops_ring, overflow_temple_1_default
D:6:      layout_basic, ebering_ghost_xom

Skill      XL: |  1  2 |
---------------+-------+-----
Axes           | 2 3 |  3.9
Fighting       | |  3.2
Armour         | |  3.2
Shields        | |  3.2

Action                     |  1- 3 |  4- 6 || total
---------------------------+-------+-------++-------
  Melee: War axe           |   103 |    14 ||   117
  Throw: Boomerang         |    20 |     9 ||    29
    Use: Scroll            |       |     2 ||     2
 Armour: Scale mail        |    41 |     5 ||    46
  Dodge: Dodged            |    39 |     8 ||    47
  Block: Buckler           |    12 |     1 ||    13

Table legend:
 A = Non-vault XP
 B = Vault XP
 C = Vault XP percentage of total XP
 D = Non-vault monster count
 E = Vault monster count
 F = Vault count percentage of total count
                 A         B        C        D         E       F
            +---------+---------+-------+---------+---------+-------
      Total |      97 |       0 |   0.0 |      47 |       0 |   0.0
            +---------+---------+-------+---------+---------+-------
        D:1 |      42 |       0 |   0.0 |      25 |       0 |   0.0
        D:2 |      55 |       0 |   0.0 |      22 |       0 |   0.0
            +---------+---------+-------+---------+---------+-------
